 Dungeon Crawl Stone Soup version 0.31.0-4-g52a2dc7128 (webtiles) character file.

Game seed: 16555507006054357616

79 SnakkuSnakku7 the Shooter (level 4, -2/31 HPs)
             Began as a Merfolk Earth Elementalist on Jan 22, 2024.
             Was a High Priest of Ignis.
             Slain by Natasha (4 damage)
             ... on level 3 of the Dungeon.
             The game lasted 00:02:08 (1455 turns).

SnakkuSnakku7 the Shooter (MfEE)                    Turns: 1455, Time: 00:02:10

Health: -2/31      AC:  2    Str:  8    XL:     4   Next: 37%
Magic:  7/7        EV: 13    Int: 14    God:    Ignis [*****.]
Gold:   155        SH:  0    Dex: 16    Spells: 6/7 levels left

rFire   + . .        a - +0 sling
rCold   . . .        (no shield)
rNeg    . . .        c - +0 robe
rPois   .            (no helmet)
rElec   .            (no cloak)
rCorr   .            (no gloves)
SInv    .            (no boots)
Will    .....        (no amulet)
Stlth   ++           (no ring)
HPRegen 0.25/turn    (no ring)
MPRegen 0.10/turn

%: no passive effects
@: no status effects
A: (nimble swimmer 2), mertail
a: Renounce Religion, Fiery Armour, Foxfire Swarm, Rising Flame


You were on level 3 of the Dungeon.
You worshipped Ignis.
Ignis was extremely pleased with you.
You visited 1 branch of the dungeon, and saw 3 of its levels.

You collected 155 gold pieces.

Inventory:

Hand Weapons
 a - a +0 sling (weapon)
Armour
 c - a +0 robe (worn)
Scrolls
 e - 2 scrolls of identify {unknown}
 f - a scroll of brand weapon {unknown}
 g - a scroll of fog {unknown}
 h - a scroll of poison {unknown}
 i - a scroll of fear {unknown}
 j - a scroll of enchant armour {unknown}
 m - a scroll of enchant weapon {unknown}
Potions
 b - a potion of magic
 d - a potion of brilliance {unknown}
 k - a potion of curing {unknown}
 l - a potion of mutation {unknown}


   Skills:
 - Level 0.9 Fighting
 + Level 3.0 Ranged Weapons
 - Level 2.6 Dodging
 - Level 2.1 Stealth
 - Level 2.0 Spellcasting
 - Level 0.7 Conjurations
 - Level 2.4 Earth Magic


You had 6 spell levels left.
You knew the following spells:

 Your Spells              Type           Power      Damage    Failure   Level
a - Sandblast             Erth           16%        2d6       9%          1

Your spell library contained the following spells:

 Spells                   Type           Power      Damage    Failure   Level
 Necrotise                Necr           4%         1d4       24%         1
 Passwall                 Erth           8%         N/A       26%         3
 Stone Arrow              Conj/Erth      10%        3d7       36%         3
 Vampiric Draining        Necr           1%         2d6       56%         3
 Brom's Barrelling Bould  Conj/Erth      5%         2d3       77%         4
 Petrify                  Alch/Erth      4%         N/A       82%         4
 Martyr's Knell           Necr/Summ      1%         N/A       93%         4
 Curse of Agony           Necr           1%         N/A       100%        5


Dungeon Overview and Level Annotations

Branches:
Dungeon (3/15)

Altars:
Ignis

Annotations:
D:3 Natasha


Innate Abilities, Weirdness & Mutations

((You are very nimble when in or above water. (Stealth+, EV+, Speed+++)))
Your lower body shifts to a powerful aquatic tail in water.


Message History

Natasha is severely wounded.
Natasha casts a spell at you. The magic dart hits you.
You shoot a sling bullet. The sling bullet barely misses Natasha.
Natasha stares at you and mumbles some strange words.
The magic dart hits you!
You are too injured to fight recklessly!
You are too injured to fight recklessly!
Fire: a) +0 sling
Press: ? - help, Q - select action, (/) - cycle Shift-Dir - straight line, f/p - Natasha
Aim: Natasha (severely wounded, 50% to hit)
You shoot a sling bullet.
The sling bullet closely misses Natasha.
Unknown command.
Fire: a) +0 sling
Press: ? - help, Q - select action, (/) - cycle Shift-Dir - straight line, f/p - Natasha
Aim: Natasha (severely wounded, 50% to hit)
You shoot a sling bullet.
The sling bullet closely misses Natasha.
Natasha mumbles some strange words.
Natasha howls an incantation.
You feel troubled.
Fire: a) +0 sling
Press: ? - help, Q - select action, (/) - cycle Shift-Dir - straight line, f/p - Natasha
Aim: Natasha (severely wounded, 50% to hit)
You shoot a sling bullet. The sling bullet barely misses Natasha.
The sling bullet barely misses the cerulean imp.
Unknown command.
Fire: a) +0 sling
Press: ? - help, Q - select action, (/) - cycle Shift-Dir - straight line, f/p - Natasha
Aim: Natasha (severely wounded, 50% to hit)
You shoot a sling bullet. The sling bullet hits Natasha.
Natasha is almost dead.
Natasha claws you!
* * * LOW HITPOINT WARNING * * *
The cerulean imp hits you from afar with a +2 spear.
* * * LOW HITPOINT WARNING * * *
Natasha claws you.
You die...
Natasha curls up and begins to purr.

.. ..# ####.#
##.#..# ####.....#
.........#
........5##
#.....h.# ##..#.@.#
#####..#
############..#...#
........#.#.......#
..................#
..........###.....#
######.#.# #<....#
#)#.# #........
#.#(# #.....###


You could see Natasha and a cerulean imp (summoned).

Vanquished Creatures
  2 adders
  4 dart slugs
  2 bats
  4 endoplasms (D:1)
  3 giant cockroaches (D:1)
  3 goblins
  6 hobgoblins
  4 jackals
  3 quokkas
  3 ball pythons
  4 frilled lizards
  9 kobolds
  2 rats (D:1)
49 creatures vanquished.

Notes
Turn   | Place    | Note
-------+----------+-------------------------------------------
     0 | D:1      | SnakkuSnakku7 the Merfolk Earth Elementalist began the
                  | quest for the Orb.
     0 | D:1      | Reached XP level 1. HP: 13/13 MP: 3/3
   179 | D:1      | Reached skill level 1 in Ranged Weapons
   179 | D:1      | Reached XP level 2. HP: 20/20 MP: 5/5
   393 | D:1      | Reached XP level 3. HP: 25/25 MP: 6/6
   533 | D:1      | Reached skill level 2 in Ranged Weapons
   972 | D:2      | Found a faded altar of an unknown god.
   997 | D:2      | Prayed at the altar of an unknown god.
   997 | D:2      | Became a worshipper of Ignis, the Dying Flame
  1051 | D:2      | Reached XP level 4. HP: 31/31 MP: 7/7
  1444 | D:3      | Reached skill level 3 in Ranged Weapons
  1446 | D:3      | Noticed Natasha
  1455 | D:3      | Slain by Natasha

Illustrated notes

Levels and vault maps discovered:
D:1:      dpeg_arrival_prison, layout_loops_ring
D:2:      layout_rooms, hellmonk_ecumenical_altar_crossroads,
          kennysheep_big_empty_room
D:3:      minmay_spotlight, layout_loops_ring, nicolae_half_adder, uniq_natasha

Skill      XL: |  1  2  3  4 |
---------------+-------------+-----
Ranged Weapons | 1 2 3 |  3.0
Fighting       | |  0.9
Dodging        | |  2.6
Stealth        | |  2.1
Spellcasting   | |  2.0
Conjurations   | |  0.7
Earth Magic    | |  2.4

Action                     |  1- 3 |  4- 6 || total
---------------------------+-------+-------++-------
  Melee: Unarmed           |     8 |       ||     8
   Fire: Sling             |   148 |    27 ||   175
   Cast: Sandblast         |     7 |       ||     7
 Armour: Robe              |    33 |     8 ||    41
  Dodge: Dodged            |    66 |    11 ||    77
